 Dungeon Sprint DCSS version 0.31-a0-75-g6fe912e8c5 (webtiles) character file.

Game seed: 6722323647332164556

4398 sircluck the Brawler (level 10, -2/111 HPs)
             Began as a Troll Berserker on May 23, 2023.
             Was a High Priest of Trog.
             Slain by a skeletal warrior
             ... wielding a +0 mace
              (9 damage)
             ... in the Dungeon (Sprint II: "The Violet Keep of Menkaure").
             The game lasted 00:02:54 (319 turns).

sircluck the Brawler (Troll Berserker)               Turns: 319, Time: 00:02:55

Health: -2/111     AC:  6    Str: 37    XL:     10   Next: 13%
Magic:  8/8        EV: 12    Int:  3    God:    Trog [*****.]
Gold:   150        SH:  0    Dex:  7    Spells: 9/9 levels left

rFire   + .          .
                       - Unarmed
rCold   . . .        (no shield)
rNeg    . . .        a - +0 animal skin
rPois   .            (helmet restricted)
rElec   .            (no cloak)
rCorr   .            (gloves unavailable)
SInv    .            (boots unavailable)
Will    .....        i - amulet of regeneration
Stlth   +            h - +6 ring of strength
HPRegen 1.98/turn    j - ring of protection from fire
MPRegen 0.11/turn

%: no teleportation
@: on berserk cooldown, slowed, very slow
A: large, unfitting armour, claws 3, regeneration 1, shaggy fur 1, tough skin 1,
iridescent scales 1, clumsy 1, low MP 1
a: Renounce Religion, Berserk, Trog's Hand, Brothers in Arms


You were in the Dungeon.
You worshipped Trog.
Trog was extremely pleased with you.
You visited 1 branch You collected 972 gold pieces.
You spent 822 gold pieces at shops.

Inventory:

Armour
 a - a +0 animal skin (worn)
Jewellery
 h - a +6 ring of strength (left claw)
 i - an amulet of regeneration (around neck)
 j - a ring of protection from fire (right claw)
Potions
 b - a potion of curing
 d - a potion of haste
 e - 2 potions of magic
 f - a potion of berserk rage


   Skills:
 + Level 10.7 Fighting
 + Level 11.6 Dodging
 + Level 16.0 Unarmed Combat


You had 9 spell levels left.
You didn't know any spells.
Your spell library was empty.

Dungeon Overview and Level Annotations

Branches:
Dungeon (1/1)

Altars:

Shops:
D =:[?*[(!*[?=:=!

Annotations:
D exclusions: ice statue and oklob plant, Roxanne


Innate Abilities, Weirdness & Mutations

You are too large for most types of armour.
You have claws for hands.
Your natural rate of healing is unusually fast.
You are covered in fur. (AC +1)
You have tough skin. (AC +1)
You are partially covered in iridescent scales. (AC +2)
You are clumsy. (Dex -2)
Your magical capacity is low. (-10% MP)


Message History

The kobold demonologist barely misses you.
The orange demon stings you from afar.
You mangle the kobold demonologist!!
You kill the kobold demonologist!
Trog accepts your kill.
Trog appreciates your killing of a magic user.
The orange demon disappears in a puff of smoke!
You claw the skeletal warrior!
The skeletal warrior is lightly damaged.
The skeletal warrior hits you with a +0 mace!
You closely miss the skeletal warrior.
The skeletal warrior is lightly damaged.
The skeletal warrior hits you with a +0 mace!
* * * LOW HITPOINT WARNING * * *
You scratch the skeletal warrior. Your claw misses the skeletal warrior.
The skeletal warrior is lightly damaged.
The skeletal warrior hits you with a +0 mace!
* * * LOW HITPOINT WARNING * * *
You feel much better.
The skeletal warrior hits you but does no damage.
Unknown command.
Your iron troll goes berserk!
A wyvern comes into view.
The skeletal warrior hits you with a +0 mace!!
* * * LOW HITPOINT WARNING * * *
The skeletal warrior hits you with a +0 mace!
* * * LOW HITPOINT WARNING * * *
The wyvern moves out of view.
Your iron troll bites the wyvern!!!
The wyvern dies!
Trog accepts your kill.
Your Unarmed Combat skill increases to level 16!
Items here: )) ††.
The skeletal warrior hits you with a +0 mace!
* * * LOW HITPOINT WARNING * * *
You see here a +7 broad axe of flaming.
You claw the skeletal warrior!
The skeletal warrior is moderately damaged.
The skeletal warrior hits you with a +0 mace!
You die...

### +≈○≈≈≈8≈°≈≈°#
#..c####≈≈≈≈≈≈≈≈≈
#YKzc.~## ≈≈≈≈≈
###########§~#+++#+++##
##########~~~.....T†..#
#.∩.∩....#~~~~.##)##..#
#..∩.∩...#~~~~##†#.##.#
#...∩.∩..#~~~~#z###.# ..
#....∩.⌠.#~~####@#.####..
#...∩.∩..#~##.###+###.##..
#..∩.∩...#~#..###.##†..# .
#.∩.∩....'~'.##'.<.††##+
#∩.......#~#.#.##.##...#
▓▓▓▓▓▓▓###~##.###'###.##
#GG{######~~####...####
#?$.#YY ##~~~#..#).# ~
#∩P(+Y.#+ #†#~##...## ~~~


You could see a skeletal warrior.

Vanquished Creatures
  Kirke (D)
  A yaktaur captain (D)
  A centaur warrior (D)
  An elephant (D)
  A merfolk siren (D)
  A kobold demonologist (D)
  2 wyverns (D)
  4 neqoxecs (D)
  Menkaure (D)
  A water moccasin (D)
  4 necrophages (D)
  A hell rat (D)
19 creatures vanquished.

Vanquished Creatures (collateral kills)
  A wyvern (D)
1 creature vanquished.

Grand Total: 20 creatures vanquished

Notes
Turn   | Place    | Note
-------+----------+-------------------------------------------
     0 | D        | sircluck the Troll Berserker began the quest for the Orb.
     0 | D        | Reached XP level 1. HP: 22/22 MP: 0/0
     1 | D        | Noticed a wyvern
     1 | D        | Noticed a wyvern
     5 | D        | Noticed a neqoxec
     5 | D        | Gained mutation: You are clumsy. (Dex -2) [a neqoxec]
     8 | D        | Noticed a neqoxec
    10 | D        | Noticed a neqoxec
    12 | D        | Killed a neqoxec
    13 | D        | Reached skill level 5 in Fighting
    13 | D        | Reached skill level 5 in Dodging
    13 | D        | Reached skill level 6 in Unarmed Combat
    13 | D        | Reached XP level 2. HP: 35/35 MP: 1/1
    13 | D        | Reached XP level 3. HP: 42/42 MP: 2/2
    13 | D        | Reached XP level 4. HP: 50/50 MP: 3/3
    13 | D        | Noticed a neqoxec
    13 | D        | Gained mutation: Your magical capacity is low. (-10% MP) [a
                  | neqoxec]
    15 | D        | Gained mutation: You are partially covered in iridescent
                  | scales. (AC +2) [a neqoxec]
    22 | D        | Killed a neqoxec
    23 | D        | Reached skill level 7 in Unarmed Combat
    23 | D        | Reached XP level 5. HP: 52/61 MP: 3/3
    25 | D        | Killed a neqoxec
    25 | D        | Reached ** piety under Trog
    26 | D        | Reached skill level 9 in Unarmed Combat
    26 | D        | Reached XP level 6. HP: 52/71 MP: 4/4
    30 | D        | Killed a neqoxec
    31 | D        | Reached XP level 7. HP: 62/78 MP: 5/5
    33 | D        | Found Rimnaaph's Distillery.
    33 | D        | Found Maodahupt's Jewellery Shoppe.
    34 | D        | Found Orref's Jewellery Shoppe.
    34 | D        | Found Osoehor's Magic Scroll Emporium.
    35 | D        | Found Nounac's Book Emporium.
    35 | D        | Found Pizon Yho's Assorted Antiques.
    35 | D        | Found Xicov's Distillery.
    35 | D        | Found Atwihush's Antique Weapon Shoppe.
    39 | D        | Found Gigac's Armour Shoppe.
    39 | D        | Found Equjo's Assorted Antiques.
    40 | D        | Found Qaczul's Antique Armour Emporium.
    40 | D        | Noticed Menkaure
    40 | D        | Noticed a great orb of eyes
    46 | D        | Killed Menkaure
    46 | D        | Reached *** piety under Trog
    47 | D        | Reached skill level 10 in Unarmed Combat
    50 | D        | Noticed an ice statue
    96 | D        | Killed a wyvern
    98 | D        | Killed a wyvern
    99 | D        | Reached skill level 11 in Unarmed Combat
   144 | D        | Reached **** piety under Trog
   145 | D        | Reached XP level 8. HP: 85/89 MP: 6/6
   164 | D        | Noticed a merfolk siren
   170 | D        | Killed a merfolk siren
   170 | D        | Reached ***** piety under Trog
   171 | D        | Reached skill level 12 in Unarmed Combat
   176 | D        | Noticed Roxanne
   194 | D        | Found Yngoufuwn's Magic Scroll Shoppe.
   194 | D        | Found Yxtemp's Antique Armour Emporium.
   194 | D        | Noticed an oklob plant
   195 | D        | Found Qasmiju's Jewellery Shoppe.
   195 | D        | Found Qid Caph's Book Shoppe.
   208 | D        | Bought a +6 ring of strength for 432 gold pieces
   209 | D        | Bought an amulet of regeneration for 390 gold pieces
   256 | D        | Noticed an elephant
   256 | D        | Noticed a centaur warrior
   256 | D        | Noticed Kirke
   256 | D        | Noticed a kobold demonologist
   256 | D        | Noticed a skeletal warrior
   256 | D        | Noticed a yaktaur captain
   270 | D        | Killed a yaktaur captain
   270 | D        | Received a gift from Trog
   271 | D        | Reached skill level 10 in Dodging
   271 | D        | Reached skill level 13 in Unarmed Combat
   271 | D        | Reached XP level 9. HP: 80/101 MP: 7/7
   273 | D        | Killed a centaur warrior
   274 | D        | Reached skill level 10 in Fighting
   274 | D        | Reached skill level 14 in Unarmed Combat
   293 | D        | Killed Kirke
   294 | D        | Reached skill level 15 in Unarmed Combat
   299 | D        | Killed an elephant
   300 | D        | Reached XP level 10. HP: 51/111 MP: 8/8
   309 | D        | Noticed an orange demon
   318 | D        | Reached skill level 16 in Unarmed Combat
   318 | D        | HP: 5/111 [skeletal warrior/+0 mace (12)]
   319 | D        | Slain by a skeletal warrior

Illustrated notes

Levels and vault maps discovered:
D:        the_violet_keep_of_menkaure [sprint2_stairs_cluster_1,
          sprint2_shoproom, sprint2_temple, sprint2_basic_supplies,
          sprint2_obstacle_6, sprint2_obstacle_7, sprint2_obstacle_2,
          sprint2_obstacle_4, sprint2_obstacle_3, sprint2_timed_cluster_1,
          sprint2_smallroom_cluster_1, sprint2_smallroom_final_cluster_1,
          sprint2_transparent_cluster_1, sprint2_second_timed_cluster_1,
          sprint2_sniper_area_1, sprint2_heavy_combat_area_1,
          sprint2_mutation_trap_area_1, sprint2_forest_area_1,
          sprint2_light_combat_area_1, sprint2_behind_water_1,
          sprint2_near_end_vault_1]

Skill      XL: |  1  2  3  4  5  6  7  8  9 10 |
---------------+-------------------------------+-----
Fighting       | 5 6 7 8 9 10 | 10.7
Dodging        | 5 6 7 9 10 11 | 11.6
Unarmed Combat | 6 7 9 11 13 15 16 | 16.0

Action                     |  1- 3 |  4- 6 |  7- 9 | 10-12 || total
---------------------------+-------+-------+-------+-------++-------
  Melee: Unarmed           |     4 |    18 |    54 |    15 ||    91
         Punch             |       |       |     7 |       ||     7
 Invoke: Berserk           |       |       |     1 |       ||     1
         Brothers in Arms  |       |       |       |     1 ||     1
    Use: Scroll            |       |       |     1 |       ||     1
         Potion            |       |       |       |     1 ||     1
 Armour: Animal skin       |       |     3 |    12 |     4 ||    19
  Dodge: Dodged            |     1 |     2 |    15 |     6 ||    24

Table legend: (Time is in decaauts)
 A = Elapsed time spent in this place.
 B = Non-inter-level travel time spent in this place.
 C = Inter-level travel time spent in this place.
 D = Time resting spent in this place.
 E = Time spent auto-exploring this place.
 F = Levels seen in this place.
 G = Mean time per level.
                   A        B        C        D        E       F      G
               +--------+--------+--------+--------+--------+-----+--------+
         Total |    301 |    301 |      0 |     64 |     27 |   1 |  301.0 |
       Dungeon |    301 |    301 |      0 |     64 |     27 |   1 |  301.0 |
               +--------+--------+--------+--------+--------+-----+--------+

Top non-repeatable levels by time:
       D: 301 daAuts
